 Dungeon Crawl Stone Soup version 0.26-a0-1181-gd376ed14c5 (webtiles) character file.

Game seed: 15487108810863348483

3384 sanka the Cleaver (level 10, -1/78 HPs)
             Began as a Ghoul Monk on Dec 25, 2020.
             Was an Elder of Makhleb.
             Slain by an orc knight
             ... wielding a +0 war axe
              (13 damage)
             ... in a bailey on Dec 26, 2020.
             The game lasted 00:19:46 (8165 turns).

sanka the Cleaver (Ghoul Monk)                      Turns: 8165, Time: 00:19:46

Health: -1/78      AC: 14    Str: 19    XL:     10   Next: 4%
Magic:  14/14      EV:  8    Int:  5    God:    Makhleb [****..]
Gold:   451        SH:  0    Dex: 11    Spells: 9/9 levels left

rFire    . . .     SeeInvis .   a - +0 war axe
rCold    + . .     Faith    .   (no shield)
rNeg     + + +     Spirit   .   k - +0 chain mail
rPois    ∞         Reflect  .   A - +0 helmet
rElec    .         Harm     .   q - scarf {repulsion}
rCorr    .         Rampage  .   H - +0 pair of gloves
Will     .....                  (no boots)
Stlth    ..........             j - amulet of regeneration
HPRegen  0.00/turn              y - +4 ring of protection
MPRegen  0.14/turn              f - +4 ring of slaying

@: flying (expiring), repel missiles
A: claws 1, cold resistance 1, negative energy resistance 3, inhibited
regeneration, torment resistance, unbreathing
a: Renounce Religion, Minor Destruction, Lesser Servant of Makhleb, Major
Destruction


You were in a bailey.
You worshipped Makhleb.
Makhleb was greatly pleased with you.
You visited 2 branches of the dungeon, and saw 9 of its levels.
You also visited: Bailey.

You collected 451 gold pieces.


Innate Abilities, Weirdness & Mutations

You thrive by killing the living.
You are immune to poison.
You have sharp fingernails.
Your flesh is cold resistant. (rC+)
You are immune to negative energy. (rN+++)
You do not regenerate when monsters are visible.
You are immune to unholy pain and torment.
You can survive without breathing.


   Skills:
 - Level 4.0 Fighting
 * Level 11.1 Axes
 - Level 2.6 Dodging
 - Level 2.1 Stealth
 + Level 7.5 Invocations


You had 9 spell levels left.
You didn't know any spells.
Your spell library was empty.

Inventory:

Hand Weapons
 a - a +0 war axe (weapon)
 z - a +4 flail of draining
 C - a +0 great mace of protection
Missiles
 v - 7 curare-tipped darts {=f}
Armour
 k - a +0 chain mail (worn)
 q - a scarf of repulsion (worn)
 A - a +0 helmet (worn)
 G - a cursed +0 cloak
 H - a +0 pair of gloves (worn)
Jewellery
 f - a +4 ring of slaying (right hand)
 j - an amulet of regeneration (around neck)
 y - a +4 ring of protection (left hand)
 F - an uncursed ring of resist corrosion
Wands
 x - a wand of random effects (5)
Scrolls
 d - 5 scrolls of remove curse
 g - 7 scrolls of blinking
 h - a scroll of enchant weapon
 l - 3 scrolls of noise {!r}
 o - a scroll of fear
 t - 8 scrolls of teleportation {@r4}
 u - 3 scrolls of magic mapping
 B - a scroll of holy word {!r}
 E - 2 scrolls of amnesia
Potions
 b - 2 potions of flight
 c - 3 potions of heal wounds {unknown}
 e - 2 potions of mutation {unknown}
 i - 3 potions of cancellation
 m - 2 potions of berserk rage {unknown}
 n - 3 potions of curing {@q1}
 p - 4 potions of might
 r - a potion of invisibility {unknown}
 s - 2 potions of brilliance
 w - a potion of resistance {unknown}
 D - a potion of haste {unknown}

Dungeon Overview and Level Annotations

Branches:
Dungeon (8/15)             Temple (1/1) D:5          Bailey (1/1)
   Lair: D:8-11

Altars:
Ashenzari
Cheibriados
Dithmenos
Elyvilon
Gozag
Hepliaklqana
Kikubaaqudgha
Makhleb
Nemelex Xobeh
Okawaru
Qazlal
Ru
Trog
Vehumet
Wu Jian
Xom
Yredelemnul
Zin
The Shining One

Shops:
D:4 !

Annotations:
D:3 1 runed translucent door

▒...... ....... '▒▒
....⌠.o. ..▒ .......▒ ..▒
▒▒.....▒ '..▒▒▒
≈▒..)...▒▒▒Kg.^ ... .▒
≈≈≈≈≈((o..▒KK▒▒▒▒'▒▒▒▒ .▒
≈≈≈≈≈≈≈≈n.▒▒▒▒.......▒▒▒▒
▒.....≈≈≈≈≈≈∩▒.gg....▒∩≈≈
▒......≈≈≈≈≈▒▒▒▒▒▒▒▒▒≈≈≈
▒▒........≈≈≈≈≈≈≈≈≈≈≈≈≈▒
▒▒▒........≈≈≈≈≈≈≈≈≈▒
▒▒▒▒.............▒
▒▒▒▒......∩..▒▒
▒▒▒.......▒▒ ▒▒▒▒.....▒▒


You could see an orc knight and an orc warrior.


Message History

The puff of flame hits the orc warrior but does no damage.
The orc warrior is severely wounded.
Use which ability? (? or * to list)
Aim: an orc warrior, wielding a -3 war axe and wearing a +0 plate armour (severely wounded, strong)
The stone arrow misses the orc warrior.
You are engulfed in a cloud of scalding steam.
Use which ability? (? or * to list) That would be overly suicidal.
Okay, then.
Unknown command.
You are engulfed in a cloud of scalding steam.
The orc warrior no longer looks unusually strong.
Things that are here:
a +0 hand axe; a +0 leather armour You are starting to lose your buoyancy.
Use which ability? (? or * to list)
Aim: an orc knight, wielding a +0 war axe and wearing a +0 scale mail (moderately wounded)
The stone arrow hits the orc knight!
The orc knight is heavily wounded.
Use which ability? (? or * to list)
Aim: an orc knight, wielding a +0 war axe and wearing a +0 scale mail (heavily wounded)
The puff of flame hits the orc knight but does no damage.
The orc knight is heavily wounded.
Use which ability? (? or * to list)
Aim: an orc knight, wielding a +0 war axe and wearing a +0 scale mail (heavily wounded)
The orc knight resists with significant effort.
You hit the orc knight.
The orc knight is heavily wounded.
The orc knight hits you with a +0 war axe!
You die...

Action                   |  1- 3 |  4- 6 |  7- 9 | 10-12 || total
-------------------------+-------+-------+-------+-------++-------
Melee: Hand axe          |   111 |   206 |   115 |       ||   432
       War axe           |       |       |   228 |    28 ||   256
Invok: Minor Destruction |       |       |    10 |    35 ||    45
Evoke: Wand              |       |     2 |       |       ||     2
  Use: Scroll            |       |    11 |       |     6 ||    17
       Potion            |       |       |       |     1 ||     1
 Stab: Sleeping          |     4 |       |       |       ||     4
Armor: Robe              |    18 |       |       |       ||    18
       Chain mail        |    21 |   125 |   225 |    13 ||   384
Dodge: Dodged            |    59 |    52 |   125 |    28 ||   264
       Repelled          |       |     1 |     4 |     2 ||     7

Levels and vault maps discovered:
D:1:      dpeg_arrival_castle, layout_basic
D:2:      kb_forest_paths, layout_basic, guppyfry_early_lair_pool, uniq_sigmund,
          uniq_crazy_yiuf_cottage
D:3:      minmay_chambers_of_threes, layout_basic, marbit_many_paths,
          ebering_ghost_sewer_f
D:4:      layout_basic, serial_shops, shop
D:5:      kennysheep_kobold_camp, layout_cave_pods,
          minmay_temple_entry_statues_fountains, minmay_bent, uniq_blork_the_orc
D:6:      layout_basic, grunt_temple_overflow_open, basic_altar,
          grunt_dithmenos_smoke
D:7:      layout_basic, serial_co_window_serial, co_window_paths_b,
          co_window_paths_b, co_window_of_opportunity_a, co_window_paths_a,
          co_window_paths_a, co_window_broadway_b, co_window_cross_4,
          co_window_cross_3, co_window_of_opportunity_b, co_window_broadway_a,
          glass_columns_b, glass_columns_a, glass_columns_c, glass_columns_c,
          gammafunk_ghost_grave
D:8:      lemuel_slime, layout_layer_cave, enter_bailey_2, sigmund_army
Temple:   regret_index_temple_waves
Bailey:   bailey_axe_4, bailey

Notes
Turn   | Place    | Note
-------+----------+-------------------------------------------
     0 | D:1      | sanka the Ghoul Monk began the quest for the Orb.
     0 | D:1      | Reached XP level 1. HP: 19/19 MP: 0/0
   154 | D:1      | Reached skill level 3 in Axes
   154 | D:1      | Reached XP level 2. HP: 24/26 MP: 1/1
   564 | D:1      | Reached XP level 3. HP: 30/33 MP: 2/2
  1527 | D:2      | Noticed Sigmund
  1753 | D:2      | Reached skill level 4 in Fighting
  1776 | D:2      | Reached XP level 4. HP: 39/40 MP: 3/3
  1810 | D:2      | Reached skill level 4 in Axes
  1829 | D:2      | Found a runed translucent door.
  1830 | D:2      | Noticed Crazy Yiuf
  2218 | D:3      | Found a runed translucent door.
  2289 | D:3      | Found a runed translucent door.
  2291 | D:3      | Noticed Dirian's ghost (amateur PaFi)
  2580 | D:3      | Reached XP level 5. HP: 46/46 MP: 4/4
  2665 | D:3      | Reached skill level 5 in Axes
  2767 | D:3      | Found a radiant altar of Vehumet.
  3133 | D:4      | Found Doun's Distillery.
  3338 | D:4      | Reached XP level 6. HP: 51/52 MP: 5/5
  4101 | D:5      | Entered Level 5 of the Dungeon
  4280 | D:5      | Reached skill level 6 in Axes
  4378 | D:5      | Found a staircase to the Ecumenical Temple.
  4386 | Temple   | Entered the Ecumenical Temple
  4498 | Temple   | Became a worshipper of Makhleb the Destroyer
  4498 | Temple   | Reached * piety under Makhleb
  4498 | Temple   | Reached ** piety under Makhleb
  4646 | D:5      | Reached XP level 7. HP: 59/59 MP: 6/6
  4674 | D:5      | Reached skill level 1 in Invocations
  4698 | D:5      | Reached skill level 7 in Axes
  4765 | D:5      | Noticed Blork the orc
  4788 | D:5      | Killed Blork the orc
  4789 | D:5      | Reached skill level 2 in Invocations
  5406 | D:6      | Found a shadowy altar of Dithmenos.
  5425 | D:6      | Reached skill level 3 in Invocations
  5446 | D:6      | Reached XP level 8. HP: 66/66 MP: 9/9
  5541 | D:6      | Reached skill level 8 in Axes
  5564 | D:6      | Reached skill level 4 in Invocations
  5770 | D:6      | Reached *** piety under Makhleb
  5828 | D:6      | Found a shadowy altar of Dithmenos.
  5977 | D:6      | Reached skill level 9 in Axes
  5977 | D:6      | Reached skill level 5 in Invocations
  6007 | D:6      | Found a shimmering altar of Xom.
  6007 | D:6      | Found an ornate altar of the Wu Jian Council.
  6015 | D:6      | Reached XP level 9. HP: 64/71 MP: 10/12
  6616 | D:7      | Found a runed translucent door.
  6617 | D:7      | Noticed gruber's ghost (amateur DsFE)
  6685 | D:7      | Reached skill level 6 in Invocations
  6738 | D:7      | Reached skill level 10 in Axes
  7088 | D:7      | Killed gruber's ghost
  7193 | D:2      | Killed Sigmund
  7532 | D:2      | Killed Crazy Yiuf
  7704 | D:3      | Killed Dirian's ghost
  7706 | D:3      | Reached **** piety under Makhleb
  7841 | D:8      | Reached skill level 7 in Invocations
  7863 | D:8      | Reached skill level 11 in Axes
  7864 | D:8      | Reached XP level 10. HP: 78/78 MP: 14/14
  8051 | D:8      | Found a flagged portal.
  8060 | Bailey   | Entered a bailey
  8075 | Bailey   | Noticed an orc knight
  8165 | Bailey   | Slain by an orc knight

Vanquished Creatures
  The ghost of gruber the Firebug, an amateur DsFE (D:7)
  Sigmund (D:2)
  A water moccasin (D:7)
  2 sky beasts (D:6)
  2 ice beasts (D:6)
  2 black bears
  An ogre (D:5)
  2 orc warriors
  The ghost of Dirian the Skirmisher, an amateur PaFi of Okawaru (D:3)
  2 phantoms (D:7)
  3 centaurs
  A big kobold (D:5)
  Blork the orc (D:5)
  2 bullfrogs (D:7)
  2 scorpions (D:6)
  4 killer bees (D:8)
  3 wights (D:8)
  2 centaur zombies
  A hound (D:7)
  A bullfrog zombie (D:6)
  A bullfrog skeleton (D:4)
  3 orc priests
  Crazy Yiuf (D:2)
  8 orc wizards
  2 worker ants
  A howler monkey zombie (D:5)
  A howler monkey skeleton (D:5)
  13 adders
  4 shadow imps
  A white imp (D:6)
  An ooze (D:1)
  2 adder skeletons
  9 worms
  5 dart slugs
  3 leopard geckos
  27 orcs
  10 bats
  7 giant cockroaches
  9 goblins
  11 hobgoblins
  4 jackals (D:8)
  3 quokkas
  A ball python (D:3)
  9 frilled lizards
  A jackal skeleton (D:6)
  33 kobolds
  A leopard gecko skeleton (D:7)
  13 rats
219 creatures vanquished.

Vanquished Creatures (others)
  9 plants
9 creatures vanquished.

Grand Total: 228 creatures vanquished
